 Dungeon Crawl Stone Soup version 0.18.1-47-g9310371 (webtiles) character file.

746 qqqbard the Blocker (level 7, -6/57 HPs)
             Began as a Minotaur Fighter on June 14, 2016.
             Mangled by Menkaure (13 damage)
             ... on level 6 of the Dungeon.
             The game lasted 00:08:56 (4246 turns).

qqqbard the Blocker (Minotaur Fighter)              Turns: 4246, Time: 00:08:56

Health: -6/57      AC: 12    Str: 22 (23) XL:     7   Next: 48%
Magic:  6/6        EV:  3    Int:  2 (3)  God:
Gold:   219        SH: 12    Dex:  8 (9)  Spells: 0 memorised, 6 levels left

rFire  . . .     SeeInvis .     a - +0 flail
rCold  . . .     Gourm    .     b - +0 scale mail
rNeg   . . .     Faith    .     c - +1 shield
rPois  .         Spirit   .     (helmet restricted)
rElec  .         Dismiss  .     (no cloak)
rCorr  .         Reflect  .     e - +1 pair of gloves
SustAt .         Harm     .     r - +0 pair of boots
MR     .....                    (no amulet)
Stlth  ..........               (no ring)
                                (no ring)

@: not resistant to hostile enchantments, extremely unstealthy
A: retaliatory headbutt, horns 2, yellow scales 1, dopey 1
a: no special abilities


You were on level 6 of the Dungeon.
You were not hungry.

You visited 1 branch of the dungeon, and saw 6 of its levels.

You collected 219 gold pieces.

Inventory:

Hand Weapons
 a - a +0 flail (weapon)
Armour
 b - a +0 scale mail (worn)
 c - a +1 shield (worn)
 e - a +1 pair of gloves (worn)
 r - a +0 pair of boots (worn)
 v - a +0 buckler
Wands
 l - a wand of iceblast (11/15)
Scrolls
 h - 2 scrolls of amnesia {unknown}
 n - 4 scrolls of remove curse
Potions
 d - a potion of might
 g - a potion of ambrosia
 j - a potion of heal wounds {unknown}
 k - a potion of flight
 p - 2 potions of degeneration
 q - a potion of invisibility
 s - 3 potions of cancellation
 w - a potion of cure mutation
Comestibles
 f - 7 bread rations
 i - a beef jerky
 m - a chunk of flesh


   Skills:
 - Level 3.6 Fighting
 - Level 7.0 Maces & Flails
 - Level 3.6 Armour
 * Level 8.3 Shields


You had 6 spell levels left.
You didn't know any spells.

Dungeon Overview and Level Annotations

Branches:
Dungeon (6/15)
 Temple: D:4-7

Altars:
Ashenzari
Cheibriados
Elyvilon
Fedhas
Kikubaaqudgha
Okawaru
Vehumet
Yredelemnul

Annotations:
D:4 qqqbard's ghost, amateur MiFi
D:6 Menkaure


Innate Abilities, Weirdness & Mutations

You reflexively headbutt those who attack you in melee.
You have a pair of horns on your head.
You are partially covered in yellow scales (AC +2).
You are dopey. (Int -2)


Message History

Menkaure barely misses you. You furiously retaliate!
You headbutt Menkaure, but do no damage.
There is a stone staircase leading up here.
Menkaure hits you but does no damage.
You climb upwards.
There is a stone staircase leading down here.
Menkaure hits you.
* * * LOW HITPOINT WARNING * * *
You climb downwards.
There is a stone staircase leading up here.
You block Menkaure's attack.
You climb upwards.
There is a stone staircase leading down, spattered with blood here.
Menkaure calls on the powers of darkness!
Your body is wracked with pain!
* * * LOW HITPOINT WARNING * * *
You climb downwards.
There is a stone staircase leading up here.
Menkaure hits you!
You die...

..# ..##
+##+##
.....
....#
.....
...#......
#..#......
#.........
#@M.#
#...#
.....#
.......#
#########


You could see Menkaure.

Vanquished Creatures
  A sky beast (D:5)
  2 phantoms (D:3)
  2 crimson imps (D:5)
  A hound (D:4)
  An orc priest (D:4)
  2 iguanas (D:5)
  2 worker ants (D:5)
  A killer bee zombie (D:3)
  A worker ant zombie (D:5)
  4 gnolls (D:3)
  5 adders
  3 oozes
  A worm (D:2)
  2 dart slugs
  3 giant geckos
  9 orcs
  8 bats
  5 giant cockroaches
  8 hobgoblins
  9 jackals
  9 kobolds
  3 quokkas
  2 giant gecko skeletons (D:4)
  A giant gecko zombie (D:5)
  6 giant newts
  8 goblins
  9 rats
108 creatures vanquished.

Notes
Turn   | Place    | Note
--------------------------------------------------------------
     0 | D:1      | qqqbard the Minotaur Fighter began the quest for the Orb.
     0 | D:1      | Reached XP level 1. HP: 19/19 MP: 0/0
   154 | D:1      | Reached XP level 2. HP: 23/26 MP: 1/1
  1028 | D:2      | Reached XP level 3. HP: 31/31 MP: 2/2
  1059 | D:2      | Found a shattered altar of Ashenzari.
  1510 | D:2      | Found a blossoming altar of Fedhas.
  1513 | D:2      | Found an ancient bone altar of Kikubaaqudgha.
  1517 | D:2      | Found a basalt altar of Yredelemnul.
  1522 | D:2      | Reached skill level 5 in Maces & Flails
  1566 | D:2      | Found a radiant altar of Vehumet.
  1670 | D:2      | Reached XP level 4. HP: 39/39 MP: 3/3
  2250 | D:3      | Found a white marble altar of Elyvilon.
  2269 | D:3      | Noticed a phantom
  2305 | D:3      | Killed a phantom
  2305 | D:3      | Reached XP level 5. HP: 35/45 MP: 4/4
  2375 | D:3      | Noticed a phantom
  2375 | D:3      | Found a snail-covered altar of Cheibriados.
  2394 | D:3      | Killed a phantom
  2394 | D:3      | Reached skill level 5 in Shields
  2394 | D:3      | Reached XP level 6. HP: 41/51 MP: 5/5
  3128 | D:4      | Reached skill level 6 in Shields
  3174 | D:4      | Noticed qqqbard's ghost (amateur MiFi)
  3616 | D:4      | HP: 1/51 [qqqbard's ghost (13)]
  3617 | D:5      | Entered Level 5 of the Dungeon
  3777 | D:5      | Noticed a sky beast
  3788 | D:5      | Killed a sky beast
  3788 | D:5      | Reached skill level 7 in Shields
  3788 | D:5      | Reached XP level 7. HP: 50/57 MP: 6/6
  3803 | D:5      | Gained mutation: You are dopey. (Int -2) [mutagenic meat]
  3804 | D:5      | Gained mutation: You are partially covered in yellow scales (AC +2). [mutagenic meat]
  4108 | D:5      | Found an iron altar of Okawaru.
  4120 | D:5      | Reached skill level 8 in Shields
  4232 | D:6      | Noticed Menkaure
  4246 | D:6      | Mangled by Menkaure

Skill      XL: |  1  2  3  4  5  6  7 |
---------------+----------------------+-----
Maces & Flails | 3 4 5 7 |  7.0
Shields        | 5 7 8 |  8.3
Fighting       | |  3.6
Armour         | |  3.6

Action                   |  1- 3 |  4- 6 |  7- 9 || total
-------------------------+-------+-------+-------++-------
Melee: Flail             |   122 |   187 |    53 ||   362
       Headbutt          |    18 |    24 |     8 ||    50
  Use: Potion            |       |     2 |       ||     2
       Scroll            |       |       |    13 ||    13
  Eat: Chunk             |     2 |     7 |     5 ||    14
Armor: Scale mail        |    65 |    84 |    22 ||   171
Dodge: Dodged            |    40 |    68 |    11 ||   119
Block: Shield            |    56 |    10 |    25 ||    91
       Buckler           |       |    36 |     5 ||    41
